 Dungeon Crawl Stone Soup version 0.22-b1-21-g5cfc1688f2 (webtiles) character file.

42 Jorund the Cutter (level 3, -4/26 HPs)
             Began as an Octopode Chaos Knight on Aug 7, 2018.
             Slain by Terence
             ... wielding a cursed -1 flail
              (9 damage)
             ... on level 2 of the Dungeon.
             The game lasted 00:01:52 (754 turns).

Jorund the Cutter (Octopode Chaos Knight)            Turns: 754, Time: 00:01:53

Health: -4/26      AC:  1    Str: 11    XL:     3   Next: 54%
Magic:  5/5        EV: 13    Int: 20    God:    Xom [..*...]
Gold:   40         SH:  0    Dex: 11    Spells: 4/4 levels left

rFire    . . .     SeeInvis .   a - +0 short sword (chaos)
rCold    . . .     Gourm    .   (no shield)
rNeg     . . .     Faith    .   (helmet restricted)
rPois    .         Spirit   .   (no amulet)
rElec    .         Reflect  .   h - ring of stealth
rCorr    .         Harm     .   (no ring)
MR       .....                  (no ring)
Stlth    +++.......             (no ring)
HPRegen  0.08/turn              (no ring)
MPRegen  0.09/turn              (no ring)
                                (no ring)
                                (no ring)

@: brilliant, hasted, very quick
A: almost no armour, stealthy swim, amphibious, 8 rings, constrict 8, camouflage
1, gelatinous body 1
a: Renounce Religion


You were on level 2 of the Dungeon.
You worshipped Xom.
You were a toy of Xom.
You were not hungry.

You visited 1 branch of the dungeon, and saw 2 of its levels.

You collected 40 gold pieces.

Inventory:

Hand Weapons
 a - a +0 short sword of chaos (weapon)
Jewellery
 h - a ring of stealth (left tentacle)
Scrolls
 d - a scroll of amnesia
 e - a scroll of teleportation
Comestibles
 b - 2 rations


   Skills:
 - Level 3.0 Fighting
 + Level 4.0 Short Blades
 - Level 2.3 Dodging
 * Level 1.4 Spellcasting


You had 4 spell levels left.
You didn't know any spells.
Your spell library was empty.

Dungeon Overview and Level Annotations

Branches:
Dungeon (2/15)

Altars:

Annotations:
D:2 Terence


Innate Abilities, Weirdness & Mutations

You cannot wear most types of armour.
You are very stealthy in the water. (Stealth+)
You are amphibious.
You can wear up to eight rings at the same time.
You can use your tentacles to constrict eight enemies at once.
Your skin changes colour to match your surroundings (Stealth+).
Your rubbery body absorbs attacks. (AC +1, EV +1)


Message History

You constrict Terence. Terence barely misses you.
You hit Terence but do no damage.
Terence flickers and vanishes!
Deactivating autopickup; reactivate with Ctrl-A.
Xom is amused.
You constrict something. Something hits you!
You are too injured to fight recklessly!
Unknown command.
It was a potion of haste.
You feel yourself speed up.
Xom is highly amused!
You constrict something. Something hits you!
* * * LOW HITPOINT WARNING * * *
It was a potion of brilliance.
You feel clever all of a sudden.
You constrict something.
It was a potion of curing.
You feel better.
Xom thinks this is hilarious!
You constrict something. Something hits you.
* * * LOW HITPOINT WARNING * * *
You hit something. You constrict something. Something hits you!
You die...

#.###.#..#.#
#.#.#...##.# .. ..
..#...#....## #. .
..
#...###.#####.#.#.
.. #.#.....#
#.#... .#
#.#..##.# #....##.
#.#..#####
#......#
..#......#
#...{#.##.#
###.####.#
#.#@.....# #.# #.#
#....##### #.#
#.#######..# ..
#..........# ##
############


There were no monsters in sight!

Vanquished Creatures
  An ooze (D:2)
  2 dart slugs (D:1)
  5 bats (D:1)
  A giant cockroach (D:1)
  5 hobgoblins (D:1)
  6 jackals
  3 kobolds (D:1)
  2 frilled lizards (D:1)
  2 goblins (D:1)
  4 rats
31 creatures vanquished.

Vanquished Creatures (others)
  A jackal (D:1)
1 creature vanquished.

Grand Total: 32 creatures vanquished

Notes
Turn   | Place    | Note
-------+----------+-------------------------------------------
     0 | D:1      | Jorund the Octopode Chaos Knight began the quest for the Orb.
     0 | D:1      | Reached XP level 1. HP: 16/16 MP: 1/1
   129 | D:1      | XOM: divination: detect creatures
   147 | D:1      | Reached XP level 2. HP: 17/21 MP: 2/2
   206 | D:1      | Reached skill level 1 in Spellcasting
   214 | D:1      | XOM: silly message
   296 | D:1      | Reached XP level 3. HP: 25/26 MP: 4/4
   313 | D:1      | XOM: silly message
   355 | D:1      | XOM: harmless Air miscast
   706 | D:2      | Reached skill level 4 in Short Blades
   741 | D:2      | Noticed Terence
   751 | D:2      | HP: 1/26 [something (7)]
   754 | D:2      | Slain by Terence

Skill      XL: |  1  2  3 |
---------------+----------+-----
Spellcasting   | 1 |  1.4
Short Blades   | 4 |  4.0
Fighting       | |  3.0
Dodging        | |  2.3

Action                   || total
-------------------------++-------
Melee: Short sword       ||    70
       Constrict         ||    16
       Tentacles         ||     6
  Use: Scroll            ||     2
       Potion            ||     3
 Stab: Sleeping          ||     4
Armor: Skin              ||     8
Dodge: Dodged            ||    47
